 Dungeon Crawl Stone Soup version 0.20.1-1-g8b1a95d (webtiles) character file.

73198 equalderp2856 the Severer (level 15, -16/134 HPs)
             Began as a Minotaur Fighter on Aug 13, 2017.
             Killed from afar by a shock serpent (22 damage)
             ... with a bolt of electricity
             ... on level 1 of the Snake Pit.
             The game lasted 01:49:44 (34798 turns).

equalderp2856 the Severer (Minotaur Fighter)       Turns: 34798, Time: 01:49:46

Health: -16/134    AC: 21    Str: 25    XL:     15   Next: 3%
Magic:  15/15      EV:  9    Int: 10    God:
Gold:   2101       SH: 19    Dex: 12    Spells: 14/16 levels left

rFire    . . .     SeeInvis .   v - +3 war axe (elec)
rCold    . . .     Gourm    .   c - +0 shield
rNeg     . . .     Faith    .   L - +0 plate armour
rPois    .         Spirit   .   R - +1 hat {MR+}
rElec    .         Reflect  +   p - +1 cloak
rCorr    .         Harm     .   B - +0 pair of gloves
MR       ++...                  (no boots)
Stlth    ..........             W - +5 amulet of reflection
Regen    0.4/turn               (no ring)
MPRegen  0.2/turn               N - +5 ring of intelligence

@: no status effects
A: retaliatory headbutt, horns 2
a: no special abilities


You were on level 1 of the Snake Pit.
You were not hungry.

You visited 4 branches of the dungeon, and saw 21 of its levels.
You also visited: Labyrinth.

You collected 2387 gold pieces.
You spent 286 gold pieces at shops.

Inventory:

Hand Weapons
 s - a +4 trident of piercing
 v - a +3 war axe of electrocution (weapon)
 Y - a +0 hand crossbow
Armour
 c - a +0 shield (worn)
 p - a +1 cloak (worn)
 A - a scarf of cloud immunity
 B - a +0 pair of gloves (worn)
 L - a +0 plate armour (worn)
 M - the +1 robe of the Flute {MR+}
   (You found it on level 4 of the Dungeon)

   It affects your resistance to hostile enchantments.
 R - a +1 hat of magic resistance (worn)
 Z - a +1 hat
Jewellery
 b - an uncursed amulet of regeneration
 j - an uncursed ring of protection from cold
 w - an uncursed ring of protection from fire
 H - an uncursed ring of flight
 I - an uncursed ring of poison resistance
 J - an uncursed amulet of guardian spirit
 N - a +5 ring of intelligence (right hand)
 W - a +5 amulet of reflection (around neck)
Wands
 n - a wand of iceblast (5/15)
 x - a wand of confusion (26/48)
 z - a wand of flame (12/48)
 P - a wand of disintegration (2/24)
 Q - a wand of digging (6/24)
 U - a wand of flame (36/48)
 X - a wand of acid (10/15)
Scrolls
 i - 10 scrolls of identify
 o - a scroll of fog
 q - 6 scrolls of remove curse
 E - 7 scrolls of teleportation
 F - 2 scrolls of magic mapping
 G - a scroll of blinking
 K - a scroll of recharging
 O - 3 scrolls of fear
Potions
 d - a potion of ambrosia
 e - 6 potions of curing
 g - a potion of might
 u - a potion of experience
 C - 2 potions of resistance
 S - a potion of flight
 V - 2 potions of agility
Books
 t - a book of Air

   Spells                             Type                      Level
   a - Shock                          Conjuration/Air              1
   b - Swiftness                      Charms/Air                   2
   c - Static Discharge               Conjuration/Air              3
   d - Airstrike                      Air                          4
   e - Lightning Bolt                 Conjuration/Air              5
 D - a book of Enchantments

   Spells                             Type                      Level
   a - Cause Fear                     Hexes                        4
   b - Yara's Violent Unravelling     Hexes/Transmutation          5
   c - Silence                        Hexes/Air                    5
   d - Deflect Missiles               Charms/Air                   6
   e - Discord                        Hexes                        8
Miscellaneous
 h - a phial of floods (inert)
 l - a phantom mirror
 T - a lightning rod (2/4)
Comestibles
 f - 12 bread rations
 r - 5 meat rations


   Skills:
 + Level 12.9 Fighting
   Level 2.1 Short Blades
 + Level 16.6(16.7) Axes
 + Level 3.4(11.6) Polearms
 + Level 2.1 Crossbows
 + Level 1.9 Throwing
 + Level 13.8 Armour
 + Level 4.2 Dodging
 + Level 2.6 Stealth
 + Level 16.0 Shields
 + Level 2.1 Unarmed Combat
 * Level 1.2 Spellcasting
 * Level 0.1 Charms
 + Level 2.1 Evocations


You had 14 spell levels left.
You knew the following spells:

 Your Spells              Type           Power        Failure   Level  Hunger
a - Swiftness             Chrm/Air       #.......     98%         2    ###....


Dungeon Overview and Level Annotations

Branches:
Dungeon (12/15)            Temple (0/1) D:4            Lair (6/6) D:8
  Swamp (0/4) Lair:3        Snake (1/4) Lair:2        Slime (0/5) Lair:5
    Orc (2/2) D:12            Elf (0/3) Orc:2

Altars:
Elyvilon
Fedhas
Gozag
Hepliaklqana
Makhleb
Nemelex Xobeh
Qazlal
Ru
Sif Muna
Trog
Zin
The Shining One
Beogh

Shops:
D:8 =   D:9 !}   Orc:2 *==%   Snake:1 [:=

Annotations:
D:2 1 runed door
Lair:2 exclusion: 2 oklob plants


Innate Abilities, Weirdness & Mutations

You reflexively headbutt those who attack you in melee.
You have a pair of horns on your head.


Message History

You hit the shock serpent.
The shock serpent is severely wounded.
The shock serpent's electric aura discharges, shocking you!
The shock serpent closely misses you.
You completely miss the shock serpent.
The shock serpent is severely wounded.
The shock serpent shoots out a bolt of lightning at you!
The bolt of electricity hits you!
* * * LOW HITPOINT WARNING * * *
The bolt of electricity hits you!
* * * LOW HITPOINT WARNING * * *
You feel much better. You block the shock serpent's attack.
You closely miss the shock serpent. Your headbutt misses the shock serpent.
The shock serpent is severely wounded.
The shock serpent bites you but does no damage.
The shock serpent shoots out a bolt of lightning at you!
The bolt of electricity hits you!
* * * LOW HITPOINT WARNING * * *
The bolt of electricity hits you!
You die...

....... .......
....... #.....
..... ... #
#.### ...
##S@#.....
#..........
#.###...... #.#
...... #.# .....
#.# ..... ##.##
.... #...# ....
########.#######


You could see a shock serpent.

Vanquished Creatures
  Gastronok (D:9)
  An orc warlord (D:12)
  Snorg (Lair:4)
  A minotaur (Lab)
  Fannar (D:10)
  7 hydras
  A catoblepas (Lair:4)
  3 anacondas (Lair:5)
  4 two-headed ogres
  Sonja (Lair:3)
  The ghost of equalderp2856 the Cleaver, a novice MiFi (D:8)
  9 orc sorcerers
  3 ugly things
  10 black mambas
  Joseph (D:8)
  9 spiny frogs
  Psyche (D:11)
  A gargoyle (D:10)
  3 kobold demonologists (D:10)
  10 komodo dragons
  2 rime drakes
  A merfolk (D:9)
  6 trolls
  A polar bear (Lair:6)
  3 slime creatures (Lair:5)
  17 blink frogs
  3 hippogriffs
  A shadow (D:12)
  A wyvern (Lair:3)
  Eustachio (D:5)
  26 yaks
  3 basilisks (Lair:3)
  Grum (D:9)
  4 wargs
  Menkaure (D:6)
  A naga (Snake:1)
  29 water moccasins
  15 porcupines
  24 orc warriors
  A swamp drake (Lair:3)
  4 ice beasts
  9 phantoms
  A hornet zombie (D:10)
  3 sky beasts (D:11)
  2 black bears
  8 ogres
  14 wolves
  2 eyes of draining
  3 centaurs
  23 crocodiles
  3 big kobolds
  15 bullfrogs
  A gnoll sergeant (D:9)
  A water moccasin skeleton (D:6)
  A scorpion (D:9)
  15 killer bees
  3 wights (D:11)
  13 howler monkeys
  7 crimson imps
  2 bullfrog zombies (D:10)
  2 centaur zombies
  A quasit (D:8)
  2 centaur skeletons
  2 jellies
  41 orc wizards
  23 orc priests
  4 hounds
  Ijyb (D:3)
  8 iguanas
  13 worker ants
  2 hell rats (D:8)
  2 hound skeletons
  3 worker ant zombies
  7 gnolls
  23 adders
  8 river rats (D:8)
  2 shadow imps
  An ooze (D:1)
  2 adder zombies
  4 worms
  2 dart slugs
  7 leopard geckos
  127 orcs
  A giant cockroach (D:3)
  14 hobgoblins
  4 jackals (D:9)
  12 quokkas
  4 ball pythons
  5 bats
  3 frilled lizards
  3 goblins
  2 jackal skeletons (D:4)
  13 kobolds
  A leopard gecko zombie (D:8)
  22 rats
  2 fungi
  4 plants
717 creatures vanquished.

Vanquished Creatures (others)
  2 centaurs
  3 orc wizards
  2 orcs
  A bush (Lair:4)
  19 fungi
  13 plants
40 creatures vanquished.

Grand Total: 757 creatures vanquished

Notes
Turn   | Place    | Note
-------+----------+-------------------------------------------
     0 | D:1      | equalderp2856 the Minotaur Fighter began the quest for the Orb.
     0 | D:1      | Reached XP level 1. HP: 19/19 MP: 0/0
   137 | D:1      | Reached XP level 2. HP: 20/27 MP: 1/1
   794 | D:2      | Found a glowing silver altar of Zin.
   938 | D:2      | Reached XP level 3. HP: 31/33 MP: 2/2
  1106 | D:2      | Found a white marble altar of Elyvilon.
  1349 | D:2      | Found a sparkling altar of Nemelex Xobeh.
  1352 | D:2      | Found an opulent altar of Gozag.
  1355 | D:2      | Found a hazy altar of Hepliaklqana.
  1500 | D:2      | Found a runed door.
  1994 | D:3      | Reached XP level 4. HP: 39/40 MP: 3/3
  2083 | D:3      | Found a stormy altar of Qazlal.
  2175 | D:3      | Reached skill level 1 in Dodging
  2183 | D:3      | Reached XP level 5. HP: 31/46 MP: 4/4
  2209 | D:3      | Noticed Ijyb
  2221 | D:3      | Killed Ijyb
  2221 | D:3      | Reached skill level 5 in Armour
  2841 | D:3      | Found a deep blue altar of Sif Muna.
  3280 | D:3      | Reached XP level 6. HP: 33/53 MP: 5/5
  3420 | D:4      | Got an ichor-stained robe
  3667 | D:4      | Reached skill level 5 in Shields
  3688 | D:4      | Found a staircase to the Ecumenical Temple.
  3729 | D:4      | Reached skill level 5 in Axes
  3843 | D:5      | Entered Level 5 of the Dungeon
  3843 | D:5      | Noticed an ice beast
  4001 | D:5      | Noticed Eustachio
  4021 | D:5      | Killed Eustachio
  4021 | D:5      | Reached skill level 5 in Fighting
  4021 | D:5      | Reached XP level 7. HP: 58/61 MP: 6/6
  4090 | D:5      | Found a glowing golden altar of the Shining One.
  4558 | D:5      | Reached skill level 1 in Stealth
  4668 | D:5      | Reached XP level 8. HP: 64/69 MP: 7/7
  5065 | D:6      | Noticed Menkaure
  5072 | D:6      | Killed Menkaure
  5217 | D:6      | Found a burning altar of Makhleb.
  5391 | D:6      | Found a burning altar of Makhleb.
  6492 | D:7      | Identified the +1 robe of the Flute {MR+} (You found it on level 4 of the Dungeon)
  6647 | D:8      | Reached XP level 9. HP: 53/78 MP: 8/8
  7003 | D:8      | Noticed equalderp2856's ghost (novice MiFi)
  7027 | D:8      | Reached skill level 10 in Axes
  7040 | D:8      | Killed equalderp2856's ghost
  7600 | D:8      | Found Kickapso's Jewellery Shop.
  7619 | D:8      | Noticed Joseph
  7632 | D:8      | Killed Joseph
  7663 | D:8      | Reached XP level 10. HP: 74/86 MP: 9/9
  7936 | D:8      | Found a staircase to the Lair.
  8320 | D:9      | Found Fumivvi's Distillery.
  8328 | D:9      | Bought a potion of degeneration for 13 gold pieces
  8328 | D:9      | Bought a potion of mutation for 104 gold pieces
  8334 | D:9      | Bought a potion of heal wounds for 65 gold pieces
  8388 | D:9      | Found Jokket's Quality Used Wands.
  8463 | D:9      | Noticed Gastronok
  8611 | Lair:1   | Entered Level 1 of the Lair of Beasts
  8718 | Lair:1   | Noticed a two-headed ogre
  9288 | Lair:2   | Reached skill level 10 in Shields
  9507 | Lair:2   | Noticed an oklob plant
  9507 | Lair:2   | Noticed an oklob plant
  9523 | Lair:2   | Noticed a black mamba
  9534 | Lair:2   | Killed a black mamba
  9541 | Lair:2   | Found a staircase to the Snake Pit.
  9799 | Lair:2   | Noticed a black mamba
  9808 | Lair:2   | Killed a black mamba
  9808 | Lair:2   | Reached XP level 11. HP: 66/95 MP: 10/10
 11065 | Lair:3   | Reached skill level 10 in Armour
 11332 | Lair:3   | Found a staircase to the Swamp.
 12402 | Lair:4   | Noticed a six-headed hydra
 12668 | Lair:4   | Noticed a catoblepas
 12679 | Lair:4   | Noticed Sonja
 12686 | Lair:4   | HP: 3/99 [yak (2)]
 12787 | Lair:4   | Noticed Snorg
 12789 | Lair:4   | Reached skill level 10 in Fighting
 12789 | Lair:4   | Reached skill level 1 in Throwing
 12789 | Lair:4   | Reached skill level 1 in Spellcasting
 12789 | Lair:4   | Reached skill level 1 in Evocations
 12789 | Lair:4   | Reached XP level 12. HP: 20/106 MP: 10/12
 12802 | Lair:4   | Killed Snorg
 12802 | Lair:4   | Reached XP level 13. HP: 26/113 MP: 11/13
 17702 | Lair:3   | HP: 1/114 [seven-headed hydra (11)]
 17710 | Lair:3   | HP: 1/114 [poisoned by Sonja (curare-tipped needle)]
 18131 | Lair:3   | Killed Sonja
 18393 | Lair:4   | Reached skill level 1 in Polearms
 19645 | Lair:5   | Reached skill level 15 in Axes
 21006 | Lair:5   | Found a staircase to the Slime Pits.
 21989 | Lair:6   | Entered Level 6 of the Lair of Beasts
 22278 | Lair:6   | Reached XP level 14. HP: 84/124 MP: 14/14
 23398 | D:9      | Bought a potion of heal wounds for 65 gold pieces
 23398 | D:9      | Bought a potion of curing for 39 gold pieces
 23520 | D:9      | Found a bloodstained altar of Trog.
 23864 | D:9      | Killed Gastronok
 24322 | D:9      | Noticed Grum
 24331 | D:9      | Killed Grum
 24547 | D:9      | Found a blossoming altar of Fedhas.
 25111 | D:10     | Entered Level 10 of the Dungeon
 25362 | D:10     | Noticed Fannar
 25394 | D:10     | Killed Fannar
 25458 | D:10     | Found a sacrificial altar of Ru.
 26463 | D:11     | Noticed Psyche
 26484 | D:11     | Killed Psyche
 26517 | D:11     | Reached skill level 15 in Shields
 28277 | D:12     | Paralysed by fainting for 6 turns
 28354 | D:12     | Found a staircase to the Orcish Mines.
 29327 | Orc:1    | Entered Level 1 of the Orcish Mines
 29595 | Orc:1    | Noticed an orc warlord
 29795 | D:12     | Killed an orc warlord
 30140 | Orc:1    | Found a roughly hewn altar of Beogh.
 30395 | Orc:2    | Entered Level 2 of the Orcish Mines
 30669 | Orc:2    | Found a staircase to the Elven Halls.
 30860 | Orc:2    | Found a labyrinth entrance.
 30874 | Lab      | Entered a labyrinth
 31762 | Lab      | Paralysed by fainting for 12 turns
 32406 | Lab      | Got a bloodstained double sword {venom}
 32411 | Lab      | Identified the cursed +3 double sword of Binyxair {venom, Dex+4} (You took it off a minotaur in a labyrinth)
 33137 | Orc:2    | Found a roughly hewn altar of Beogh.
 33150 | Orc:2    | Found Bucuoh's General Store.
 33150 | Orc:2    | Found Luguowuu's Jewellery Shoppe.
 33219 | Orc:2    | Found Hoepn's Jewellery Shop.
 33219 | Orc:2    | Found Mipycy's Food Shoppe.
 34370 | Lair:1   | Reached XP level 15. HP: 134/134 MP: 15/15
 34533 | Lair:1   | Learned a level 2 spell: Swiftness
 34634 | Snake:1  | Entered Level 1 of the Snake Pit
 34756 | Snake:1  | Found Qusuod's Jewellery Boutique.
 34758 | Snake:1  | Found Fanuyc's Book Shop.
 34763 | Snake:1  | Found Ecvetuv's Armour Boutique.
 34798 | Snake:1  | HP: 6/134 [shock serpent/bolt of electricity (27)]
 34798 | Snake:1  | Killed from afar by a shock serpent

Skill      XL: |  1  2  3  4  5  6  7  8  9 10 11 12 13 14 15 |
---------------+----------------------------------------------+-----
Armour         | 4 5 6 7 8 9 10 12 13 | 13.8
Fighting       | 4 5 6 7 8 10 11 12 | 12.9
Shields        | 4 5 6 8 10 12 14 15 16 | 16.0
Axes           | 3 4 5 6 9 11 12 14 15 16 | 16.6
Dodging        | 1 2 3 4 |  4.2
Stealth        | 1 2 |  2.6
Short Blades   | 2 |  2.1
Crossbows      | 2 |  2.1
Throwing       | 1 |  1.9
Unarmed Combat | 2 |  2.1
Spellcasting   | 1 |  1.2
Evocations     | 1 2 |  2.1
Polearms       | 1 3 |  3.4
Charms         | |  0.1

Action                   |  1- 3 |  4- 6 |  7- 9 | 10-12 | 13-15 || total
-------------------------+-------+-------+-------+-------+-------++-------
Melee: War axe           |   101 |   123 |   346 |   495 |  1379 ||  2444
       Headbutt          |    15 |    27 |    75 |   101 |   314 ||   532
       Trident           |       |       |       |       |    84 ||    84
Evoke: Lightning rod     |       |       |       |     4 |     6 ||    10
       Wand              |       |       |       |       |    12 ||    12
       Phial of floods   |       |       |       |       |     1 ||     1
  Use: Scroll            |       |       |     3 |     4 |    20 ||    27
       Potion            |       |       |     1 |     9 |     8 ||    18
  Eat: Chunk             |     3 |     7 |     9 |    15 |    43 ||    77
       Fruit             |       |       |     1 |     3 |     6 ||    10
       Royal jelly       |       |       |       |       |     7 ||     7
       Meat ration       |       |       |       |       |     2 ||     2
Armor: Scale mail        |    35 |    26 |       |       |       ||    61
       Plate armour      |       |    49 |   181 |   176 |   441 ||   847
       Skin              |       |       |       |     7 |       ||     7
Dodge: Dodged            |    25 |    33 |    73 |    79 |   276 ||   486
Block: Shield            |    62 |    65 |   241 |   422 |  1218 ||  2008
       Reflection        |       |       |     4 |    10 |    22 ||    36
